 Dungeon Crawl Stone Soup version 0.29-a0-266-gf56f883ddd (webtiles) character file.

Game seed: 13008982928173406830

474 Morbidden the Magician (level 7, -2/49 HPs)
             Began as a Djinni Fire Elementalist on Mar 6, 2022.
             Was a Follower of Cheibriados.
             Slain by Duvessa
             ... wielding a +0 short sword
              (5 damage)
             ... on level 4 of the Dungeon.
             The game lasted 00:03:51 (4345 turns).

Morbidden the Magician (Djinni Fire Elementalist)   Turns: 4345, Time: 00:03:52

Health: -2/49      AC:  2    Str: 11    XL:     7   Next: 32%
Gold:   152        EV: 20    Int: 19    God:    Cheibriados [*.....] SH:  0 Dex: 22

rFire   . . .      SeeInvis .   (weapon currently unavailable)
rCold   . . .      Faith    .   (shield currently unavailable)
rNeg    . . .      Spirit   .   (body armour currently unavailable)
rPois   ∞          Reflect  .   (helmet currently unavailable)
rElec   .          Harm     .   (cloak currently unavailable)
rCorr   .          Rampage  .   (gloves currently unavailable)
Will    +....                   (boots unavailable)
Stlth   ++........              (no amulet)
HPRegen 0.16/turn               c - ring of willpower
MPRegen 0.00/turn               o - ring of wizardry

@: brilliant, spider-form (expiring), flying, very slow
A: venomous fangs, flying, sickness immunity, tiny, (fire resistance 2), (cold
vulnerability 1), float, innate caster, HP casting, extra vitality 1, agile 1,
passive freeze
a: End Transformation, Renounce Religion, Bend Time


You were on level 4 of the Dungeon.
You worshipped Cheibriados.
Cheibriados was aware of your devotion.
You were a venomous arachnid creature.
You visited 1 branch of the dungeon, and saw 4 of its levels.

You collected 188 gold pieces.
You spent 36 gold pieces at shops.

Inventory:

Missiles
 v - 2 throwing nets
Armour
 a - the +0 helmet "Zazyty" (melded) {rN+ Dex+2}
   (You found it on level 2 of the Dungeon)

   Dex:       It affects your dexterity (+2).
   rN:        It protects you from negative energy.
 n - a +4 ring mail (melded)
Jewellery
 c - a ring of willpower (left front leg)
 o - a ring of wizardry (right front leg)
Wands
 u - a wand of polymorph (11)
Scrolls
 e - 3 scrolls of amnesia {unknown}
 f - 3 scrolls of magic mapping {unknown}
 g - 2 scrolls of fog {unknown}
 h - 3 scrolls of identify {unknown}
 i - a scroll of noise {unknown}
 j - a scroll of enchant armour {unknown}
 k - 2 scrolls of teleportation
 l - a scroll of vulnerability {unknown}
 m - a scroll of brand weapon {unknown}
 t - a scroll of fear {unknown}
Potions
 b - 2 potions of brilliance
 d - a potion of mutation
 p - a potion of ambrosia {unknown}
 q - 2 potions of cancellation {unknown}
 r - a potion of lignification {unknown}
 s - 2 potions of curing {unknown}


   Skills:
 * Level 2.2 Fighting
 + Level 1.5 Armour
 + Level 2.3 Dodging
 + Level 2.0 Stealth
 * Level 5.1 Spellcasting
 * Level 1.6 Invocations


You couldn't memorise any spells.
You knew the following spells:

 Your Spells              Type           Power      Damage    Failure   Level
a - Foxfire               Conj/Fire      100%       2x1d9     2%          1
b - Scorch                Fire           72%        2d8       3%          2
c - Call Imp              Summ           36%        N/A       3%          2
e - Flame Wave            Conj/Fire      36%        2d9       14%         4
f - Apportation           Tloc           72%        N/A       2%          1
g - Conjure Flame         Conj/Fire      36%        6-21      6%          3
x - Spider Form           Tmut/Pois      36%        N/A       6%          3
z - Inner Flame           Hex/Fire       36%        N/A       6%          3
Your spell library was empty.

Dungeon Overview and Level Annotations

Branches:
Dungeon (4/15)
 Temple: D:4-7

Altars:
Cheibriados
Vehumet

Shops:
D:1 [   D:2 ?

Annotations:
D:3 3 runed translucent doors, BlueGoblin's ghost, weakling DECj
D:4 1 transporter, Dowan; Duvessa


Innate Abilities, Weirdness & Mutations

You are a venomous arachnid creature.
You have poisonous fangs.
You are tiny and dextrous.
You are flying.
Your spellcasting is less reliable in this form.
Your armour is entirely melded.
You are incapable of wielding weapons or throwing items.
You are immune to sickness and miasma.
You are immune to poison.
((Your flesh is very heat resistant. (rF++)))
((You are vulnerable to cold. (rC-)))
You float through the air rather than walking.
You learn spells naturally, not from books.
Your magical power is your life essence.
You have superior vitality. (+4 MHP)
You are agile. (Dex +2)
A frigid envelope surrounds you and freezes all who hurt you.


Message History

Dowan closely misses you. x2
Duvessa shouts!
You hit Dowan.
Dowan is poisoned.
Dowan is lightly wounded.
Dowan misses you.
You barely miss Dowan.
Dowan is lightly wounded.
Unknown command.
You hit Duvessa.
Duvessa is poisoned.
Duvessa is lightly wounded.
Your transformation is almost over.
Dowan gestures wildly while chanting.
Dowan blinks!
Unknown command.
You hit Duvessa but do no damage.
Duvessa is lightly wounded.
Duvessa hits you with a +0 short sword!
You barely miss Duvessa.
Duvessa is lightly wounded.
Duvessa hits you with a +0 short sword!
Dowan gestures wildly while chanting.
Dowan blinks!
Unknown command.
Unknown command.
You barely miss Duvessa.
Duvessa is lightly wounded.
Duvessa hits you with a +0 short sword!
* * * LOW HITPOINT WARNING * * *
Unknown command.
Unknown command.
Unknown command.
It was a potion of brilliance.
You feel clever all of a sudden. Duvessa hits you with a +0 short sword!
* * * LOW HITPOINT WARNING * * *
Unknown command.
It was a potion of mutation.
You feel extremely strange.
Your skin feels very cold.
You feel agile. Duvessa hits you with a +0 short sword.
You die...

#.......#.......
#.#
##....#..#.......
#..
#.....##.......
..
###...##.......
##...>.......
##.....##...
#####.e......
#..#..##.....
#...s........
##..e....#..#
#...#...# .#
.....#......#
##....###....
##..## .... #..
... ##. ##


You could see Duvessa (poisoned) and Dowan (poisoned).

Vanquished Creatures
  Sigmund (D:4)
  An ogre (D:4)
  2 jellies (D:4)
  Jessica (D:3)
  An orc wizard (D:4)
  A gnoll (D:1)
  7 adders
  4 orcs (D:4)
  2 ball pythons
  5 bats
  3 endoplasms
  4 giant cockroaches (D:1)
  3 goblins
  6 hobgoblins
  3 kobolds
  6 quokkas
  4 frilled lizards
  5 rats
59 creatures vanquished.

Vanquished Creatures (collateral kills)
  A foxfire (D:4)
1 creature vanquished.

Vanquished Creatures (others)
  308 foxfires
  2 fungi (D:3)
310 creatures vanquished.

Grand Total: 370 creatures vanquished

Notes
Turn   | Place    | Note
-------+----------+-------------------------------------------
     0 | D:1      | Morbidden the Djinni Fire Elementalist began the quest for
                  | the Orb.
     0 | D:1      | Reached XP level 1. HP: 15/15 MP: 0/0
   104 | D:1      | Found a faded altar of an unknown god.
   208 | D:1      | Reached XP level 2. HP: 17/21 MP: 0/0
   802 | D:1      | Reached skill level 3 in Spellcasting
   963 | D:1      | Reached XP level 3. HP: 16/25 MP: 0/0
   963 | D:1      | Learned a level 1 spell: Apportation
  1339 | D:1      | Found Xugoqip's Antique Armour Shop.
  2114 | D:2      | Reached XP level 4. HP: 26/31 MP: 0/0
  2588 | D:2      | Found Vepp's Magic Scroll Boutique.
  2597 | D:2      | Bought a scroll of teleportation for 36 gold pieces
  2844 | D:2      | Identified the +0 helmet "Zazyty" {rN+ Dex+2}
  3152 | D:3      | Found a snail-covered altar of Cheibriados.
  3161 | D:3      | Became a worshipper of Cheibriados the Contemplative
  3195 | D:3      | Noticed Jessica
  3198 | D:3      | Killed Jessica
  3199 | D:3      | Reached skill level 1 in Fighting
  3199 | D:3      | Reached XP level 5. HP: 34/37 MP: 0/0
  3199 | D:3      | Learned a level 2 spell: Call Imp
  3319 | D:3      | Reached skill level 4 in Spellcasting
  3388 | D:3      | Found a runed translucent gate.
  3388 | D:3      | Found a runed translucent gate.
  3389 | D:3      | Found a runed translucent gate.
  3390 | D:3      | Noticed BlueGoblin's ghost (weakling DECj)
  3785 | D:4      | Reached skill level 1 in Invocations
  3997 | D:4      | Found a transporter.
  4052 | D:4      | Noticed Sigmund
  4057 | D:4      | Killed Sigmund
  4058 | D:4      | Reached XP level 6. HP: 29/43 MP: 0/0
  4197 | D:4      | Noticed an ogre
  4198 | D:4      | Reached skill level 1 in Armour
  4201 | D:4      | Killed an ogre
  4202 | D:4      | Reached skill level 5 in Spellcasting
  4202 | D:4      | Reached XP level 7. HP: 42/49 MP: 0/0
  4202 | D:4      | Learned a level 3 spell: Spider Form
  4275 | D:4      | Reached * piety under Cheibriados
  4333 | D:4      | Noticed Dowan
  4335 | D:4      | Noticed Duvessa
  4345 | D:4      | Gained mutation: A frigid envelope surrounds you and
                  | freezes all who hurt you. [potion of mutation]
  4345 | D:4      | Gained mutation: You are agile. (Dex +2) [potion of
                  | mutation]
  4345 | D:4      | Slain by Duvessa

Illustrated notes

Levels and vault maps discovered:
D:1:      roderic_crossed_star, layout_loops_ring,
          chequers_ecumenical_altar_island, serial_shops, shop_fountains
D:2:      layout_loops_ring, serial_shops, nicolae_shop_crystal
D:3:      layout_basic, mainiacjoe_overflow_chevrons,
          mainiacjoe_overflow_cross_hatched, gammafunk_ghost_necromancy,
          uniq_jessica
D:4:      gammafunk_cloud_chamber, layout_cave_pools,
          dreamdust_princess_corridor, serial_bayou_lagoon_a, uniq_duvessa,
          uniq_sigmund

Skill      XL: |  1  2  3  4  5  6 |
---------------+-------------------+-----
Spellcasting   | 3 4 5 |  5.1
Fighting       | 1 2 |  2.2
Invocations    | 1 |  1.6
Stealth        | 2 |  2.0
Armour         | 1 |  1.5
Dodging        | |  2.3

Action                   |  1- 3 |  4- 6 |  7- 9 || total
-------------------------+-------+-------+-------++-------
Melee: Unarmed           |       |     1 |     6 ||     7
 Cast: Foxfire           |    70 |   106 |     5 ||   181
       Scorch            |    10 |     5 |       ||    15
       Call Imp          |       |     4 |       ||     4
       Spider Form       |       |       |     2 ||     2
  Use: Potion            |       |       |     2 ||     2
Armor: Robe              |     2 |       |       ||     2
       Ring mail         |       |     4 |       ||     4
Dodge: Dodged            |     4 |       |     3 ||     7

Table legend: (Time is in decaauts)
 A = Elapsed time spent in this place.
 B = Non-inter-level travel time spent in this place.
 C = Inter-level travel time spent in this place.
 D = Time resting spent in this place.
 E = Time spent auto-exploring this place.
 F = Levels seen in this place.
 G = Mean time per level.
                   A        B        C        D        E       F      G
               +--------+--------+--------+--------+--------+-----+--------+
         Total |   4498 |   4416 |     82 |    276 |   3717 |   4 | 1124.5 |
       Dungeon |   4498 |   4416 |     82 |    276 |   3717 |   4 | 1124.5 |
               +--------+--------+--------+--------+--------+-----+--------+

Top non-repeatable levels by time:
     D:1: 1649 daAuts
     D:2: 1216 daAuts
     D:3: 987 daAuts
     D:4: 645 daAuts
